 Dungeon Crawl Stone Soup version 0.28-a0-664-gc179e30c89 (webtiles) character file.

Game seed: 6697771635594616066

2 AttackTheMoon the Sneak (level 1, 0/11 (14) HPs)
             Began as a Kobold Delver on Oct 17, 2021.
             Slain by a necrophage (1 damage)
             ... on level 3 of the Dungeon.
             The game lasted 00:00:14 (95 turns).

AttackTheMoon the Sneak (Kobold Delver)               Turns: 95, Time: 00:00:15

HP:   0/11 (14)     AC:  3    Str:  9    XL:     1   Next: 33%
MP:   1/1           EV: 14    Int: 11    God:
Gold: 4             SH:  0    Dex: 16    Spells: 0/0 levels left

rFire   . . .      SeeInvis .   a - +0 short sword
rCold   . . .      Faith    .   (shield restricted)
rNeg    . . .      Spirit   .   b - +0 leather armour
rPois   .          Reflect  .   (no helmet)
rElec   .          Harm     .   (no cloak)
rCorr   .          Rampage  .   (no gloves)
Will    .....                   (no boots)
Stlth   ++++......              (no amulet)
HPRegen 0.03/turn               (no ring)
MPRegen 0.07/turn               (no ring)

@: heavily drained
A: small, no large weapons, nightstalker 3
a: no special abilities


You were on level 3 of the Dungeon.
You visited 1 branch of the dungeon, and saw 3 of its levels.

You collected 4 gold pieces.

Inventory:

Hand Weapons
 a - a +0 short sword (weapon)
Armour
 b - a +0 leather armour (worn)
Wands
 g - a wand of digging (3)
Scrolls
 c - a scroll of fog
 d - a scroll of magic mapping
 e - a scroll of fear
Potions
 f - a potion of haste
 h - a potion of might {unknown}


   Skills:
 + Level 3.3 Fighting
 + Level 2.7 Short Blades
 + Level 2.4 Dodging
 + Level 6.6 Stealth


You couldn't memorise any spells.
You didn't know any spells.
Your spell library was empty.

Dungeon Overview and Level Annotations

Branches:
Dungeon (5/15)
 Temple: D:4-7

Altars:


Innate Abilities, Weirdness & Mutations

You are small and have problems with some larger weapons.
You are completely attuned to the shadows.


Message History

The necrophage hits you but does no damage.
You hit the necrophage but do no damage.
The necrophage is lightly damaged.
The necrophage closely misses you.
You hit the necrophage but do no damage.
The necrophage is lightly damaged.
The necrophage hits you but does no damage.
You hit the necrophage.
The necrophage is lightly damaged.
The necrophage closely misses you.
You closely miss the necrophage.
The necrophage is lightly damaged.
The necrophage barely misses you.
You closely miss the necrophage.
The necrophage is lightly damaged.
The necrophage hits you!
Ouch! That really hurt!
You hit the necrophage but do no damage.
The necrophage is lightly damaged.
The necrophage closely misses you.
You hit the necrophage.
The necrophage is moderately damaged.
The necrophage barely misses you.
You hit the necrophage but do no damage.
The necrophage is moderately damaged.
The necrophage hits you.
* * * LOW HITPOINT WARNING * * *
You feel drained.
You closely miss the necrophage.
The necrophage is moderately damaged.
The necrophage closely misses you.
You barely miss the necrophage.
The necrophage is moderately damaged.
The necrophage hits you.
* * * LOW HITPOINT WARNING * * *
You feel drained.
You barely miss the necrophage.
The necrophage is moderately damaged.
The necrophage hits you.
You die...

###
..#
#.#
#.#
#@#
#n#
#.#
#.#
#.#


You could see a necrophage.

Vanquished Creatures
  An orc (D:5)
1 creature vanquished.

Notes
Turn   | Place    | Note
-------+----------+-------------------------------------------
     0 | D:5      | AttackTheMoon the Kobold Delver began the quest for the
                  | Orb.
     0 | D:5      | Reached XP level 1. HP: 14/14 MP: 1/1
    19 | D:5      | Noticed an orc wizard
    19 | D:5      | Noticed an orc wizard
    63 | D:4      | Noticed a necrophage
    95 | D:3      | Slain by a necrophage

Illustrated notes

Levels and vault maps discovered:
D:3:      layout_loops_ring, okawaru_trees_1, minmay_misc_feat_tower
D:4:      layout_loops_ring, hangedman_abyss_or_decor_jellyfish_corner,
          grunt_decor_one_mirror, minmay_close_crescents, uniq_natasha
D:5:      layout_loops_corners, gammafunk_temple_overflow_elements

Action                   || total
-------------------------++-------
Melee: Short sword       ||    16
 Stab: Sleeping          ||     1
Armor: Leather armour    ||     2
Dodge: Dodged            ||     9

Table legend: (Time is in decaauts)
 A = Elapsed time spent in this place.
 B = Non-inter-level travel time spent in this place.
 C = Inter-level travel time spent in this place.
 D = Time resting spent in this place.
 E = Time spent auto-exploring this place.
 F = Levels seen in this place.
 G = Mean time per level.
                   A        B        C        D        E       F      G
               +--------+--------+--------+--------+--------+-----+--------+
         Total |     94 |     94 |      0 |      0 |     48 |   3 |   31.3 |
       Dungeon |     94 |     94 |      0 |      0 |     48 |   3 |   31.3 |
               +--------+--------+--------+--------+--------+-----+--------+

Top non-repeatable levels by time:
     D:4: 53 daAuts
     D:5: 27 daAuts
     D:3: 13 daAuts
